AoeStats
← Ux'RaúlME

African Clearing

506309491Analyzed
4v4 RM · 21d ago on Sep 13, 2026· 27m 39s· 8 players
Game mode
Random Map
Map size
Large (8 player)
Population
200
Speed
Normal
Resources
Standard
Victory
Conquest
Starting age
Dark Age
Ending age
Imperial Age
RankedLock teamsTeams togetherTeam positionsShared explorationLock speedFull tech treeHidden civsTurbo modeCheats
Victory
Defeat
🇦🇺 Khmer · Australia
1431
+12
🇹🇼 Magyars · Taiwan
1404
+13
🇲🇽 Mongols · Mexico
1277
+19
🇲🇽 Vietnamese · Mexico
1229
+21
🇲🇽 Malians · Mexico
1377
-18
🇵🇪 Mongols · Peru
1344
-16
🇦🇷 Khmer · Argentina
1331
-16
🇺🇸 Berbers · United States
1312
-15
La Calabaza
10:17 Loom
12:23 Feudal Age
10:58 Loom
16:28 Castle Age
16:07 Double-Bit Axe
chr0rk
5:38 Loom
13:39 Feudal Age
15:28 Double-Bit Axe
18:14 Castle Age
Ronk
9:38 Loom
12:38 Feudal Age
17:59 Castle Age
16:20 Stone Mining
16:18 Double-Bit Axe
19:35 Bow Saw
21:24 Fletching
kindAAAAAAAA
12:32 Feudal Age
16:25 Castle Age
14:18 Double-Bit Axe
17:24 Loom
26:04 Bloodlines
25:54 Husbandry
27:13 Forging
27:09 Scale Barding Armor
Ux'RaúlME
6:06 Loom
12:43 Feudal Age
16:35 Castle Age
15:31 Double-Bit Axe
16:25 Stone Mining
Ux'RaulitoMD
3:46 Loom
16:20 Feudal Age
17:00 Fishing Lines
18:21 Double-Bit Axe
22:08 Castle Age
21:53 Fletching
22:04 Padded Archer Armor
23:14 Bodkin Arrow
24:46 Elite Skirmisher
26:43 Bow Saw
26:18 Horse Collar
27:10 Ballistics
ggsadpom,sdf
8:08 Loom
11:24 Feudal Age
12:22 Double-Bit Axe
15:22 Scale Barding Armor
17:53 Horse Collar
23:29 Castle Age
22:37 Bloodlines
23:31 Light Cavalry
24:12 Husbandry
25:38 Town Watch
26:28 Chain Barding Armor
27:14 Gold Mining
28:05 Wheelbarrow
OB
10:45 Loom
13:00 Feudal Age
16:07 Castle Age
15:58 Bloodlines
19:48 Horse Collar
19:56 Double-Bit Axe
21:32 Heavy Plow
28:05 Bow Saw
Connection lost

Rejoining the realm…

Still unreachable

The connection could not be restored.

Session expired

The server has moved on; the page needs a fresh start.